 Dungeon Crawl Stone Soup version 0.30-a0-867-g305f33218d (webtiles) character file.

Game seed: 1490938164860284612

1 demibob the Digger (level 1, -1/14 HPs)
             Began as a Hill Orc Wanderer on Mar 10, 2023.
             Slain by a rat (3 damage)
             ... on level 1 of the Dungeon.
             The game lasted 00:00:23 (35 turns).

demibob the Digger (Hill Orc Wanderer)                Turns: 35, Time: 00:00:24

Health: -1/14      AC:  3    Str: 14    XL:     1   Next: 20%
Magic:  2/2        EV: 10    Int: 12    God:
Gold:   0          SH:  3    Dex: 10    Spells: 1/2 levels left

rFire   . . .      SeeInvis .    a - +0 club
rCold   . . .      Faith    .    d - +0 buckler
rNeg    . . .      Spirit   .    c - +0 leather armour
rPois   .          Reflect  .    (no helmet)
rElec   .          Rampage  .    (no cloak)
rCorr   .                        (no gloves)
Will    .....                    (no boots)
Stlth   +                        (no amulet)
HPRegen 0.22/turn                (no ring)
MPRegen 0.08/turn                (no ring)

@: no status effects
A: no striking features
a: no special abilities


You were on level 1 of the Dungeon.
You visited 1 branch of the dungeon, and saw 1 of its levels.


   Skills:
 + Level 1.3 Shields
 - Level 1.0 Spellcasting
 - Level 3.0 Necromancy
 - Level 4.0 Earth Magic
 - Level 1.0 Evocations


You had one spell level left.
You knew the following spells:

 Your Spells              Type           Power      Damage    Failure   Level
z - Sandblast             Erth           20%        2d7       10%         1

Your spell library contained the following spells:

 Spells                   Type           Power      Damage    Failure   Level
 Sublimation of Blood     Necr           7%         N/A       22%         2
 Passwall                 Tmut/Erth      4%         N/A       32%         2
 Cigotuvi's Dreadful Rot  Necr/Pois/Air  6%         N/A       45%         2
 Leda's Liquefaction      Hex/Erth       2%         N/A       91%         4

Inventory:

Hand Weapons
 a - a +0 club (weapon)
Armour
 c - a +0 leather armour (worn)
 d - a +0 buckler (worn)
Scrolls
 b - a scroll of silence {!r}
 e - a scroll of identify {unknown}

Dungeon Overview and Level Annotations

Branches:
Dungeon (1/15)

Altars:

.. #......#
#...#......# #
#...#......###.
#.......r!....
#.......$..#
#..........#
#.....glr..##
##......@....##
#...............
#....[..........
#...............
#...............
#...........)...
#.......#######.
#.......#
###.......#


You could see a quokka, a goblin, a frilled lizard and a rat.


Message History

You are too injured to fight recklessly!
You are too injured to fight recklessly!
You are too injured to fight recklessly!
You are too injured to fight recklessly!
You are too injured to fight recklessly!
You are too injured to fight recklessly!
You are too injured to fight recklessly!
You are too injured to fight recklessly!
You are too injured to fight recklessly!
You closely miss the goblin. The goblin hits you with a +0 club.
* * * LOW HITPOINT WARNING * * *
The rat closely misses you. The frilled lizard closely misses you.
You barely miss the goblin. The rat barely misses you.
You block the goblin's attack. You block the frilled lizard's attack.
You hit the goblin.
The goblin is moderately wounded.
A quokka comes into view.
You block the goblin's attack. The rat bites you but does no damage.
The frilled lizard closely misses you.
The frilled lizard bites you but does no damage.
The rat bites you but does no damage. The goblin hits you with a +0 club.
* * * LOW HITPOINT WARNING * * *
You closely miss the goblin.
The goblin is moderately wounded.
You block the goblin's attack. The rat bites you but does no damage.
The frilled lizard barely misses you.
You hit the goblin but do no damage.
The goblin is moderately wounded.
The rat bites you.
You die...

Action                     || total
---------------------------++-------
  Melee: Club              ||    12
 Armour: Leather armour    ||    10
  Dodge: Dodged            ||    10
  Block: Buckler           ||     7

Levels and vault maps discovered:
D:1:      dpeg_arrival_ratfight, layout_basic, minmay_tetromino_s2

Notes
Turn   | Place    | Note
-------+----------+-------------------------------------------
     0 | D:1      | demibob the Hill Orc Wanderer began the quest for the Orb.
     0 | D:1      | demibob set off with the following items: a +0 club, a
                  | scroll of silence {!r}, a +0 leather armour, a +0 buckler;
                  | and the following spell memorised: Sandblast; and the
                  | following spells available to memorise: Sublimation of
                  | Blood, Passwall, Cigotuvi's Dreadful Rot, Leda's
                  | Liquefaction.
     0 | D:1      | Reached XP level 1. HP: 14/14 MP: 2/2
    35 | D:1      | Slain by a rat

Vanquished Creatures
  A giant cockroach (D:1)
1 creature vanquished.

Table legend: (Time is in decaauts)
 A = Elapsed time spent in this place.
 B = Non-inter-level travel time spent in this place.
 C = Inter-level travel time spent in this place.
 D = Time resting spent in this place.
 E = Time spent auto-exploring this place.
 F = Levels seen in this place.
 G = Mean time per level.
                   A        B        C        D        E       F      G
               +--------+--------+--------+--------+--------+-----+--------+
         Total |     38 |     38 |      0 |      0 |     17 |   1 |   38.0 |
       Dungeon |     38 |     38 |      0 |      0 |     17 |   1 |   38.0 |
               +--------+--------+--------+--------+--------+-----+--------+

Top non-repeatable levels by time:
     D:1: 38 daAuts

Table legend:
 A = Non-vault XP
 B = Vault XP
 C = Vault XP percentage of total XP
 D = Non-vault monster count
 E = Vault monster count
 F = Vault count percentage of total count
                 A         B        C        D         E       F
            +---------+---------+-------+---------+---------+-------
      Total |       2 |       0 |   0.0 |       1 |       0 |   0.0
            +---------+---------+-------+---------+---------+-------
        D:1 |       2 |       0 |   0.0 |       1 |       0 |   0.0
            +---------+---------+-------+---------+---------+-------
